 Dungeon Crawl Stone Soup version 0.27.1 (webtiles) character file.

Game seed: 2900111456251650092

170 Goblin1989 the Shooter (level 5, 0/41 (42) HPs)
             Began as a Demonspawn Wanderer on Aug 20, 2021.
             Was a Believer of Cheibriados.
             Slain by an ogre (7 damage)
             ... on level 4 of the Dungeon on Aug 23, 2021.
             The game lasted 00:06:18 (2162 turns).

Goblin1989 the Shooter (Demonspawn Wanderer)        Turns: 2162, Time: 00:06:19

HP:   0/41 (42)     AC:  7    Str: 20    XL:     5   Next: 25%
MP:   6/6           EV: 10    Int: 15    God:    Cheibriados [**....]
Gold: 154           SH:  0    Dex: 22    Spells: 6/6 levels left

rFire    . . .     SeeInvis .   b - +0 rapier
rCold    . . .     Faith    .   (no shield)
rNeg     . . .     Spirit   .   e - +0 ring mail
rPois    .         Reflect  .   (helmet restricted)
rElec    .         Harm     .   (no cloak)
rCorr    .         Rampage  .   (no gloves)
Will     .....                  (no boots)
Stlth    +.........             (no amulet)
HPRegen  0.13/turn              o - +6 ring of dexterity
MPRegen  0.10/turn              (no ring)

@: about to teleport, lightly drained, very slow
A: antennae 2, slimy green scales 1, spiny 1
a: Renounce Religion, Bend Time


You were on level 4 of the Dungeon.
You worshipped Cheibriados.
Cheibriados was pleased with you.
You visited 1 branch of the dungeon, and saw 4 of its levels.

You collected 154 gold pieces.

Inventory:

Hand Weapons
 a - a +2 shortbow
 b - a +0 rapier (weapon)
 m - a +0 dagger of venom
Missiles
 d - 12 arrows
Armour
 e - a +0 ring mail (worn)
Jewellery
 o - a +6 ring of dexterity (left hand)
Scrolls
 l - a scroll of enchant weapon {unknown}
 n - a scroll of fear {unknown}
Potions
 g - 2 potions of attraction
 h - a potion of mutation {unknown}
 k - 3 potions of curing {@q1}


   Skills:
 - Level 4.0 Fighting
 + Level 4.7 Bows
 - Level 1.0 Stealth
 - Level 1.0 Spellcasting
 - Level 2.0 Summonings
 - Level 1.0 Evocations


You had 6 spell levels left.
You didn't know any spells.
Your spell library contained the following spells:

 Spells                   Type           Power      Damage    Failure   Level
 Summon Small Mammal      Summ           24%        N/A       19%         1
 Animate Skeleton         Necr           0%         N/A       38%         1
 Pain                     Necr           0%         1d4       38%         1
 Call Canine Familiar     Summ           6%         N/A       50%         3
 Vampiric Draining        Necr           0%         2d6       77%         3


Dungeon Overview and Level Annotations

Branches:
Dungeon (4/15)
 Temple: D:4-7

Altars:
Cheibriados
Okawaru

Annotations:
D:4 Sigmund


Innate Abilities, Weirdness & Mutations

You have a pair of antennae on your head.
You are partially covered in slimy green scales. (AC +2)
You are partially covered in sharp spines.


Message History

Found a scroll labelled IQAM OSETO and a scroll labelled OZUTHIUSHRE.
Found a stone staircase leading down and a stone staircase leading up.
The adder hisses angrily.
You hear a shout!
The quokka moves out of view.
You hear a shout!
Unknown command.
An orc comes into view. It is wielding a +0 club.
You barely miss the adder. The adder barely misses you.
The adder bites you but does no damage.
You puncture the adder!
The adder is severely wounded.
The adder barely misses you. The adder bites you but does no damage.
You barely miss the adder.
The adder is severely wounded.
The adder bites you but does no damage.
You hit the adder.
The adder is almost dead.
The adder is struck by your spines.
You kill the adder!
Cheibriados thoroughly appreciates the change of pace.
You enter the shallow water.
Moving in this stuff is going to be slow.
A gnoll comes into view. It is wielding a +0 whip.
The gnoll shouts!
You see here an adder corpse.
Your unstable footing causes you to fumble your attack.
The orc is struck by your spines.
You kill the orc!
Cheibriados thoroughly appreciates the change of pace.
An adder comes into view.
A gnoll comes into view. It is wielding a +0 club.
Health restored: 41 A gnoll comes into view.
It is wielding a +0 whip.
Found 24 stones.
An endoplasm comes into view.
You see here a +0 club.
The gnoll shouts! x2
You hit the gnoll.
The gnoll is moderately wounded.
The gnoll closely misses you. The gnoll hits you with a +0 whip.
You take 5 damage, and have 36/41 hp.
The adder hisses angrily.
You hit the gnoll.
The gnoll is heavily wounded.
You hear an angry hiss.
Sigmund the Dreaded comes into view.
He is wielding a +0 scythe.
Found a black potion.
The gnoll barely misses you.
An ogre comes into view. It is wielding a +0 giant club.
The gnoll closely misses you.
The gnoll throws a throwing net.
The throwing net hits you.
You become entangled in the net!
You see here a throwing net {!d , @Q1}.
You struggle against the net.
Unknown command.
You tear a large gash into the net.
The ogre shouts!
You hear a bark!
The gnoll hits you with a +0 whip. The adder bites you but does no damage.
The gnoll hits you with a +0 club.
You take 2 damage, and have 35/41 hp.
You struggle against the net.
The adder bites you but does no damage. The gnoll is struck by your spines.
The gnoll hits you with a +0 whip. The gnoll is struck by your spines.
The gnoll hits you with a +0 club.
You take 2 damage, and have 33/41 hp.
You rip the net and break free!
The adder barely misses you. The gnoll closely misses you.
The gnoll is struck by your spines. The gnoll hits you but does no damage.
The gnoll hits you but does no damage. The adder barely misses you.
The endoplasm freezes you.
You are frozen.
You take 4 damage, and have 29/41 hp.
A hobgoblin comes into view. It is quivering poisoned darts.
Found 18 arrows and a scroll of identify.
A hound comes into view.
The adder bites you.
You are poisoned.
The adder poisons you!
A jackal comes into view.
You take 2 damage, and have 27/41 hp.
Okay, then.
As you read the scroll of teleportation, it crumbles to dust.
You feel strangely unstable.
You feel sick.
The hobgoblin shouts!
The jackal barks!
The hound barks!
The endoplasm freezes you.
You are frozen.
The adder closely misses you.
The hobgoblin throws a poisoned dart.
The poisoned dart closely misses you.
The poisoned dart barely misses the adder.
The poisoned dart hits the gnoll!
The gnoll is poisoned.
The ogre is struck by your spines.
The ogre hits you with a +0 giant club!!
* * * LOW HITPOINT WARNING * * *
You take 23 damage, and have 4/41 hp.
MASSIVE DAMAGE!!
Unknown command.
It was a potion of curing.
You feel better.
A jackal comes into view.
The adder is struck by your spines. The adder barely misses you.
The endoplasm freezes you.
You are frozen.
* * * LOW HITPOINT WARNING * * *
The ogre is struck by your spines. The ogre hits you with a +0 giant club!
You die...

·····▓▓·······▓·····▓▓▓·▓▓▓··▓
······▓···█...··▓█.████.▓ ▓▓·▓▓▓
▓··▓▓·▓··.█h..████......▓ ▓···▓▓
▓▓·▓▓····█h...........█▓▓ ▓▓····
▓······▓█.█h.........█ ▓▓····
▓▓▓···▓▓.............█ ▓▓·····
▓▓··▓▓...g....g....█ ▓······
▓····..?.(..OJ....█ ▓·▓▓▓▓·
▓····.......@Sg...█ ▓▓▓·▓▓▓▓·
▓▓▓··▓·.>..?..██g...███...·····
▓······.......██.█).......····▓
▓▓▓▓▓▓▓▓·█....≈≈≈≈≈†≈≈≈....@····▓
·≈≈≈≈≈·▓▓.....≈█≈≈≈≈≈█≈.....····▓
▓▓▓▓▓▓▓≈▓....(≈█≈███≈█≈.....·····
▓·≈·≈▓▓≈▓...?.≈█≈≈≈≈≈█≈.....····▓
▓≈▓▓▓≈▓·▓.....≈≈≈≈≈≈≈≈≈█....·····
▓≈▓∩▓≈▓≈▓·····<..··.█..·....····▓


You could see an ogre, a hound, 3 gnolls, an adder, an endoplasm, 2 jackals and
a hobgoblin.

Vanquished Creatures
  An orc wizard (D:3)
  Robin (D:2)
  4 adders
  2 dart slugs (D:2)
  5 orcs
  8 ball pythons
  5 bats
  6 endoplasms
  5 giant cockroaches
  19 goblins
  12 hobgoblins
  7 kobolds
  3 frilled lizards
  3 rats
81 creatures vanquished.

Notes
Turn   | Place    | Note
-------+----------+-------------------------------------------
     0 | D:1      | Goblin1989 the Demonspawn Wanderer began the quest for the
                  | Orb.
     0 | D:1      | Goblin1989 set off with the following items: a +2 shortbow,
                  | 21 arrows, a +0 robe; and the following spells available to
                  | memorise: Summon Small Mammal, Pain, Call Canine Familiar,
                  | Vampiric Draining
     0 | D:1      | Reached XP level 1. HP: 19/19 MP: 2/2
     6 | D:1      | Noticed a servant of whispers
     6 | D:1      | Noticed a basilisk
     7 | D:1      | Noticed a centaur warrior
   137 | D:1      | Gained mutation: You are partially covered in sharp spines.
                  | [demonic ancestry]
   137 | D:1      | Reached XP level 2. HP: 25/25 MP: 3/3
   756 | D:2      | Gained mutation: You are partially covered in slimy green
                  | scales. (AC +2) [demonic ancestry]
   756 | D:2      | Reached XP level 3. HP: 30/30 MP: 4/4
   989 | D:2      | Gained mutation: You have a pair of small antennae on your
                  | head. [demonic ancestry]
   989 | D:2      | Reached XP level 4. HP: 37/37 MP: 5/5
  1051 | D:2      | Noticed Robin
  1058 | D:2      | Killed Robin
  1180 | D:2      | Found a faded altar of an unknown god.
  1188 | D:2      | Became a worshipper of Cheibriados the Contemplative
  1188 | D:2      | Reached * piety under Cheibriados
  1507 | D:3      | Upgraded the game from 0.27.0-66-gdc8fb28755 to 0.27.1
  1554 | D:3      | Reached ** piety under Cheibriados
  1555 | D:3      | Gained mutation: You have a pair of antennae on your head.
                  | [demonic ancestry]
  1555 | D:3      | Reached XP level 5. HP: 20/42 MP: 6/6
  1843 | D:3      | Found an iron altar of Okawaru.
  2152 | D:4      | Noticed Sigmund
  2154 | D:4      | Noticed an ogre
  2162 | D:4      | Slain by an ogre

Illustrated notes

Levels and vault maps discovered:
D:1:      onia_arrival_zoo_common, layout_basic, hangedman_decor_lopped
D:2:      layout_loops_cross, ebering_ecumenical_altar_webs, uniq_robin
D:3:      layout_rooms, okawaru_ov_weapons_minmay
D:4:      layout_rooms, gammafunk_temple_overflow_elements,
          gup_sewer_entry_spiral, minmay_crystal_water, uniq_sigmund,
          uniq_eustachio

Skill      XL: |  1  2  3  4 |
---------------+-------------+-----
Bows           | 2 3 4 |  4.7
Fighting       | |  4.0
Stealth        | |  1.0
Spellcasting   | |  1.0
Summonings     | |  2.0
Evocations     | |  1.0

Action                   |  1- 3 |  4- 6 || total
-------------------------+-------+-------++-------
Melee: Rapier            |       |    66 ||    66
 Fire: Shortbow          |    80 |       ||    80
  Use: Scroll            |       |     4 ||     4
       Potion            |       |     1 ||     1
Armor: Ring mail         |     4 |    30 ||    34
Dodge: Dodged            |     8 |    41 ||    49
